 Dungeon Crawl Stone Soup version 0.27-a0-1301-g128193a (webtiles) character file.

Game seed: 14519921676581294923

37911 HDogLeCool the Severer (level 13, -3/122 HPs)
             Began as a Minotaur Berserker on June 17, 2021.
             Was a High Priest of Trog.
             Slain by Jorgrun (9 damage)
             ... on level 1 of the Shoals.
             The game lasted 00:39:21 (17313 turns).

HDogLeCool the Severer (Minotaur Berserker)        Turns: 17313, Time: 00:39:22

Health: -3/122     AC: 20    Str: 31    XL:     13   Next: 61%
Magic:  4/4        EV:  6    Int:  4    God:    Trog [*****.]
Gold:   769        SH: 22    Dex: 12    Spells: 12/12 levels left

rFire    . . .     SeeInvis .   O - +0 broad axe (antimagic)
rCold    . . .     Faith    .   E - +3 kite shield
rNeg     . . .     Spirit   .   M - +0 plate armour
rPois    .         Reflect  +   Y - +2 hat
rElec    .         Harm     .   G - +0 cloak
rCorr    +         Rampage  .   (no gloves)
Will     ++...                  L - +0 pair of boots
Stlth    ..........             J - amulet of reflection
HPRegen  1.30/turn              F - +6 ring of strength
MPRegen  0.09/turn              U - ring of resist corrosion

@: grasped by roots, strong-willed, on berserk cooldown, regenerating, hasted
and slowed, constricted, very slow
A: horns 2, retaliatory headbutt
a: Renounce Religion, Berserk, Trog's Hand, Brothers in Arms


You were on level 1 of the Shoals.
You worshipped Trog.
Trog was extremely pleased with you.
You visited 3 branches of the dungeon, and saw 17 of its levels.

You collected 1382 gold pieces.
You spent 613 gold pieces at shops.

Inventory:

Hand Weapons
 x - a +2 flail of holy wrath
 z - a +1 war axe of electrocution
 O - a +0 antimagic broad axe (weapon)
Missiles
 q - 133 poisoned darts (quivered)
 T - a curare-tipped dart
Armour
 y - the +4 scale mail "Hyucwots" {Fly}
   (You found it on level 5 of the Dungeon)

   It grants you flight.
 E - a +3 kite shield (worn)
 G - a +0 cloak (worn)
 L - a +0 pair of boots (worn)
 M - a +0 plate armour (worn)
 Y - a +2 hat (worn)
Jewellery
 F - a +6 ring of strength (left hand)
 J - an amulet of reflection (around neck)
 S - a ring of magical power
 U - a ring of resist corrosion (right hand)
 X - a ring of fire
 Z - the ring of Sousch {Fire rElec rPois Will- rCorr Str-3}
   (You found it on level 4 of the Lair of Beasts)

   [ring of fire]

   It enhances your fire magic.
   It affects your strength (-3).
   It protects you from fire.
   It makes you vulnerable to cold.
   It insulates you from electricity.
   It protects you from poison.
   It protects you from acid and corrosion.
   It decreases your willpower.
Wands
 b - a wand of acid (10)
 v - a wand of iceblast (26)
 D - a wand of charming (8)
 R - a wand of flame (48)
Scrolls
 c - 4 scrolls of magic mapping
 i - 2 scrolls of identify
 n - 8 scrolls of teleportation
 o - 10 scrolls of enchant weapon
 B - a scroll of vulnerability
 I - a scroll of silence
 K - a scroll of enchant armour
 N - a scroll of fear
 P - 2 scrolls of blinking
Potions
 a - a potion of flight
 e - 5 potions of haste
 j - 8 potions of curing
 k - 2 potions of invisibility
 p - a potion of attraction
 r - 3 potions of berserk rage
 A - 4 potions of resistance
 C - 3 potions of ambrosia
 H - 2 potions of lignification
 Q - 3 potions of might
 V - a potion of mutation


   Skills:
 + Level 13.0 Fighting
 * Level 16.4 Axes
 + Level 12.1 Armour
 - Level 2.1 Dodging
 * Level 13.9 Shields


You had 12 spell levels left.
You didn't know any spells.
Your spell library was empty.

Dungeon Overview and Level Annotations

Branches:
Dungeon (12/15)            Temple (0/1) D:6            Lair (4/6) D:11
 Shoals (1/4) Lair:4        Snake (0/4) Lair:2          Orc (0/2) D:9

Altars:
Kikubaaqudgha
Sif Muna
Zin

Shops:
D:5 ?   D:8 (   D:9 =

Annotations:
Shoals:1 Jorgrun


Innate Abilities, Weirdness & Mutations

You have a pair of horns on your head.
You reflexively headbutt those who attack you in melee.


Message History

Your limbs are stiffening.
You miss Jorgrun. You headbutt Jorgrun!
Jorgrun is almost dead.
Jorgrun hits you with a +0 vorpal quarterstaff!
Jorgrun hits you but does no damage.
You have turned to stone.
Jorgrun hits you but does no damage.
Jorgrun says, "Tha earth be me home, an' ye be trespassing!"
Jorgrun hits you with a +0 vorpal quarterstaff.
Jorgrun hits you with a +0 vorpal quarterstaff!
Jorgrun hits you but does no damage. Jorgrun gestures at you while chanting.
Roots burst forth from the earth!
The grasping roots grab you! The grasping roots constrict you!
Jorgrun hits you but does no damage. The grasping roots constrict you!
Jorgrun points at you and mumbles some strange words.
The iron shot hits you. The grasping roots constrict you.
Jorgrun gestures at you while chanting. The iron shot hits you!!!
* * * LOW HITPOINT WARNING * * *
x2 The grasping roots constrict you!
You turn to flesh and can move again.
You feel much better. You block Jorgrun's attack.
* * * LOW HITPOINT WARNING * * *
The grasping roots constrict you!
You feel better. You block Jorgrun's attack.
* * * LOW HITPOINT WARNING * * *
The grasping roots constrict you! Jorgrun casts a spell at you.
The iron shot reflects off an invisible shield around you!
The iron shot hits Jorgrun!
* * * LOW HITPOINT WARNING * * *
The grasping roots constrict you!
You feel yourself speed up. You block Jorgrun's attack.
* * * LOW HITPOINT WARNING * * *
The grasping roots constrict you!
You barely miss Jorgrun. You headbutt Jorgrun.
Jorgrun is almost dead.
You block Jorgrun's attack.
You die...

≈≈≈≈≈≈≈≈≈≈.≈≈...# #....
≈≈≈≈≈≈≈≈≈≈≈...#####....
..≈≈≈≈≈≈≈.#### #....#
.#.≈.≈≈≈≈.# ##...#
#..≈≈≈≈.# ###.#
#....≈≈.# #!. ##..≈≈≈.#
##. #...≈≈.##.## #
#.g@≈≈.....#
≈.......≈≈≈≈...≈ #
≈≈≈.≈.$.≈≈≈≈≈≈≈≈ #
≈≈≈≈.###≈≈≈≈≈≈≈≈ #
≈≈≈≈. #≈≈≈≈≈≈≈≈ #. ≈≈≈≈
..≈≈≈≈≈≈≈ ... ≈≈≈≈
....≈≈≈≈≈ ....≈ ≈≈≈
≈...≈≈≈≈≈ ....≈≈ .....≈


You could see Jorgrun.

Vanquished Creatures
  3 hydras
  Erica (D:8)
  A merfolk avatar (Shoals:1)
  A death yak (Lair:3)
  3 two-headed ogres
  A sea snake (Shoals:1)
  Pikel (D:6)
  3 harpies (Shoals:1)
  An oklob plant (Lair:3)
  A faun (Shoals:1)
  2 cyclopes (D:11)
  4 manticores
  3 elephants (Lair:2)
  A black mamba (Lair:2)
  Joseph (D:8)
  2 water nymphs (Shoals:1)
  3 cane toads
  A gargoyle (D:10)
  Maggie (Lair:1)
  A rime drake (Lair:1)
  3 komodo dragons
  Psyche (D:8)
  A kobold demonologist (D:11)
  2 trolls
  2 polar bears
  22 blink frogs
  24 yaks
  4 wyverns
  2 wraiths
  4 basilisks
  2 wargs (D:9)
  An acid dragon (D:8)
  Menkaure (D:6)
  5 nagas (Lair:2)
  12 water moccasins
  7 orc warriors
  An ice beast (D:7)
  A black bear (Lair:2)
  3 necrophages
  9 centaurs
  4 ogres
  8 wolves
  A phantom (D:5)
  4 kobold brigands
  A lemure (D:6)
  9 bullfrogs
  4 gnoll sergeants
  3 scorpions
  A wyvern zombie (D:6)
  A water moccasin skeleton (D:5)
  19 wights
  A howler monkey (D:9)
  5 hounds
  Crazy Yiuf (D:6)
  A gnoll shaman (D:8)
  7 centaur zombies
  A jelly (D:5)
  2 centaur skeletons
  16 orc priests
  2 iguanas (D:5)
  13 orc wizards
  12 hell rats
  2 killer bee zombies
  A hound skeleton (D:4)
  A howler monkey zombie (D:8)
  20 gnolls
  A howler monkey skeleton (D:5)
  4 adders
  2 shadow imps
  An ufetubus (D:4)
  A worm (D:3)
  2 dart slugs
  44 orcs
  4 endoplasms
  A giant cockroach (D:2)
  5 goblins
  5 hobgoblins
  6 jackals (D:1)
  23 kobolds
  5 quokkas
  5 ball pythons
  7 bats
  3 frilled lizards
  7 rats
408 creatures vanquished.

Vanquished Creatures (collateral kills)
  A death knight (D:9)
  3 death yaks (Lair:3)
  A komodo dragon (Lair:3)
  5 yaks (Lair:3)
  A wyvern (D:9)
  A howler monkey zombie (D:9)
  A gnoll (D:9)
13 creatures vanquished.

Vanquished Creatures (others)
  2 bushes (D:11)
  21 fungi
  54 plants
77 creatures vanquished.

Grand Total: 498 creatures vanquished

Notes
Turn   | Place    | Note
-------+----------+-------------------------------------------
     0 | D:1      | HDogLeCool the Minotaur Berserker began the quest for the
                  | Orb.
     0 | D:1      | Reached XP level 1. HP: 19/19 MP: 0/0
   217 | D:1      | Reached XP level 2. HP: 25/27 MP: 1/1
   218 | D:1      | Reached skill level 4 in Axes
   464 | D:1      | Found a faded altar of an unknown god.
   586 | D:1      | Reached ** piety under Trog
   587 | D:1      | Reached XP level 3. HP: 27/33 MP: 2/2
  2279 | D:3      | Reached XP level 4. HP: 41/41 MP: 3/3
  2725 | D:4      | Noticed a necrophage
  2729 | D:4      | Killed a necrophage
  2730 | D:4      | Reached skill level 5 in Fighting
  2730 | D:4      | Reached skill level 5 in Axes
  2730 | D:4      | Reached XP level 5. HP: 48/48 MP: 4/4
  2793 | D:4      | Reached XP level 6. HP: 41/57 MP: 5/5
  3008 | D:4      | Reached skill level 6 in Axes
  3012 | D:4      | Reached *** piety under Trog
  3124 | D:4      | Found a glowing silver altar of Zin.
  3444 | D:4      | Found a shimmering blue altar of Sif Muna.
  3505 | D:5      | Entered Level 5 of the Dungeon
  3568 | D:5      | Found Zanluc's Magic Scroll Shoppe.
  3573 | D:5      | Identified the +4 scale mail "Hyucwots" {Fly}
  3592 | D:5      | Reached XP level 7. HP: 61/64 MP: 6/6
  3596 | D:5      | Bought a scroll of enchant weapon for 105 gold pieces
  3596 | D:5      | Bought a scroll of identify for 28 gold pieces
  3692 | D:5      | Reached skill level 7 in Axes
  3840 | D:5      | Reached skill level 5 in Armour
  4544 | D:6      | Reached skill level 8 in Axes
  4544 | D:6      | Reached XP level 8. HP: 74/74 MP: 7/7
  4869 | D:6      | Found a staircase to the Ecumenical Temple.
  4906 | D:6      | Noticed Pikel
  4926 | D:6      | Killed Pikel
  4927 | D:6      | Reached skill level 9 in Axes
  5024 | D:6      | You are sucked into a shaft and drop 2 floors!
  5407 | D:6      | Noticed Menkaure
  5412 | D:6      | Killed Menkaure
  5413 | D:6      | Reached skill level 10 in Axes
  5413 | D:6      | Reached XP level 9. HP: 82/82 MP: 8/8
  5498 | D:6      | Reached **** piety under Trog
  5665 | D:6      | Reached skill level 1 in Shields
  5787 | D:6      | Found a runed translucent door.
  5788 | D:6      | Noticed Crazy Yiuf
  5793 | D:6      | Killed Crazy Yiuf
  6427 | D:7      | Reached skill level 11 in Axes
  6542 | D:7      | Reached skill level 5 in Shields
  6892 | D:8      | Noticed Psyche
  6894 | D:8      | Noticed Erica
  6900 | D:8      | Killed Psyche
  6907 | D:8      | Killed Erica
  6908 | D:8      | Reached XP level 10. HP: 93/93 MP: 9/9
  7036 | D:8      | Noticed a two-headed ogre
  7040 | D:8      | Killed a two-headed ogre
  7041 | D:8      | Reached skill level 10 in Fighting
  7204 | D:8      | Noticed Joseph
  7213 | D:8      | Killed Joseph
  7214 | D:8      | Reached skill level 12 in Axes
  7226 | D:8      | Found Emoat's Weapon Shop.
  7295 | D:8      | Reached ***** piety under Trog
  8286 | D:9      | Noticed a death knight
  8297 | D:9      | Killed a death knight
  8607 | D:9      | Found Nirphafel's Jewellery Shoppe.
  8616 | D:9      | Bought an amulet of reflection for 480 gold pieces
  9155 | D:9      | Reached XP level 11. HP: 83/101 MP: 10/10
  9159 | D:9      | Received a gift from Trog
  9410 | D:9      | Found a staircase to the Orcish Mines.
  9752 | D:10     | Entered Level 10 of the Dungeon
  9810 | D:10     | Noticed a two-headed ogre
  9816 | D:10     | Killed a two-headed ogre
  9817 | D:10     | Reached skill level 13 in Axes
 10199 | D:10     | Noticed a two-headed ogre
 10211 | D:10     | Killed a two-headed ogre
 10947 | D:11     | Reached skill level 10 in Armour
 10947 | D:11     | Reached skill level 10 in Shields
 11151 | D:11     | Found a staircase to the Lair.
 11184 | D:11     | Reached skill level 14 in Axes
 11293 | D:11     | Reached XP level 12. HP: 110/110 MP: 3/11
 11682 | D:12     | Noticed a boulder beetle
 11727 | Lair:1   | Entered Level 1 of the Lair of Beasts
 11747 | Lair:1   | Noticed Maggie
 11770 | Lair:1   | Killed Maggie
 12412 | Lair:1   | Received a gift from Trog
 13058 | Lair:2   | Reached skill level 15 in Axes
 13277 | Lair:2   | Noticed a seven-headed hydra
 13301 | Lair:2   | Killed a seven-headed hydra
 13909 | Lair:2   | Found a staircase to the Snake Pit.
 14381 | Lair:3   | Noticed a four-headed hydra
 14389 | Lair:3   | Killed a four-headed hydra
 14411 | Lair:3   | Noticed a death yak
 14412 | Lair:3   | Noticed a death yak
 14413 | Lair:3   | Noticed a death yak
 14414 | Lair:3   | Killed a death yak
 14415 | Lair:3   | Reached XP level 13. HP: 101/119 MP: 4/12
 14808 | Lair:3   | Reached ****** piety under Trog
 14949 | Lair:3   | Found an ancient bone altar of Kikubaaqudgha.
 15580 | Lair:4   | Found a staircase to the Shoals.
 16229 | Lair:4   | Reached skill level 16 in Axes
 16233 | Lair:4   | Received a gift from Trog
 16284 | Lair:4   | Identified the ring of Sousch {Fire rElec rPois Will- rCorr
                  | Str-3}
 16859 | Shoals:1 | Entered Level 1 of the Shoals
 17285 | Shoals:1 | Noticed Jorgrun
 17312 | Shoals:1 | HP: 5/122 [Jorgrun (10)]
 17313 | Shoals:1 | Slain by Jorgrun

Illustrated notes

Levels and vault maps discovered:
D:1:      dpeg_chamrin_arrival_tetris, layout_basic,
          ebering_ecumenical_altar_rust
D:2:      layout_loops_ring
D:3:      layout_loops_cross
D:4:      cheibrodos_pilgrimage, layout_cave_pools,
          nicolae_sif_muna_little_library, amcnicky_altar_gilded
D:5:      layout_basic, serial_shops, nicolae_shop_trees
D:6:      layout_loops_cross, minmay_temple_entry_glassed_door, uniq_pikel,
          uniq_menkaure, uniq_crazy_yiuf_cottage
D:7:      layout_rooms, minmay_between
D:8:      layout_loops_ring, serial_shops, nicolae_inconvenience_store,
          uniq_psyche, uniq_erica, uniq_joseph
D:9:      layout_stronghold, david_orc_1_choice, minmay_shop_grid_forest,
          lightli_fourway_metalbox
D:10:     layout_irregular_city
D:11:     layout_loops_ring, minmay_lair_entry_grove, kennysheep_generic_room_3
D:12:     layout_loops_ring, minmay_misc_feat_five
Lair:1:   layout_concentric_octagons, infiniplex_staircase_pool_2, uniq_maggie
Lair:2:   layout_regular_city, minmay_snake_entry_guardpost_medium,
          nicolae_quartered_pool_medium
Lair:3:   layout_loops_ring, lemuel_oklob_altar
Lair:4:   layout_regular_city, minmay_shoals_entry_centaurs, serial_bayou_pond_c
Shoals:1: layout_shoals, uniq_jorgrun

Skill      XL: |  1  2  3  4  5  6  7  8  9 10 11 12 13 |
---------------+----------------------------------------+-----
Axes           | 4 5 6 8 10 11 12 14 15 16 | 16.4
Fighting       | 4 5 6 7 8 9 10 11 12 13 | 13.0
Armour         | 3 4 5 7 8 9 10 11 12 | 12.1
Shields        | 6 8 10 12 13 | 13.9
Dodging        | |  2.1

Action                   |  1- 3 |  4- 6 |  7- 9 | 10-12 | 13-15 || total
-------------------------+-------+-------+-------+-------+-------++-------
Melee: Hand axe          |   106 |    54 |       |       |       ||   160
       Headbutt          |    12 |    21 |    33 |   127 |    39 ||   232
       Flail             |       |     9 |    25 |    24 |     7 ||    65
       War axe           |       |       |   158 |   129 |       ||   287
       Broad axe         |       |       |       |   352 |   174 ||   526
Throw: Dart              |       |       |     2 |     2 |     3 ||     7
Invok: Berserk           |     1 |     4 |     5 |    16 |     3 ||    29
       Trog's Hand       |       |       |     1 |       |     2 ||     3
       Brothers in Arms  |       |       |       |     2 |       ||     2
  Use: Scroll            |       |       |    17 |     8 |     1 ||    26
       Potion            |       |       |       |       |     3 ||     3
Armor: Leather armour    |    24 |       |       |       |       ||    24
       Animal skin       |     1 |       |       |       |       ||     1
       Scale mail        |       |    19 |    66 |    85 |       ||   170
       Plate armour      |       |       |       |    30 |    57 ||    87
Dodge: Dodged            |    50 |    33 |    66 |    82 |    31 ||   262
Block: Kite shield       |       |       |    47 |   438 |   193 ||   678
       Reflection        |       |       |       |    19 |    22 ||    41

Table legend: (Time is in decaauts)
 A = Elapsed time spent in this place.
 B = Non-inter-level travel time spent in this place.
 C = Inter-level travel time spent in this place.
 D = Time resting spent in this place.
 E = Time spent auto-exploring this place.
 F = Levels seen in this place.
 G = Mean time per level.
                   A        B        C        D        E       F      G
               +--------+--------+--------+--------+--------+-----+--------+
         Total |  17576 |  16539 |   1037 |   3370 |  10651 |  17 | 1033.9 |
       Dungeon |  11960 |  11172 |    788 |   2120 |   7316 |  12 |  996.7 |
          Lair |   5160 |   4911 |    249 |   1113 |   3185 |   4 | 1290.0 |
        Shoals |    454 |    454 |      0 |    137 |    150 |   1 |  454.0 |
               +--------+--------+--------+--------+--------+-----+--------+

Top non-repeatable levels by time:
     D:9: 1768 daAuts
  Lair:3: 1588 daAuts
     D:7: 1441 daAuts
  Lair:1: 1358 daAuts
     D:8: 1275 daAuts
  Lair:2: 1185 daAuts
  Lair:4: 1027 daAuts
     D:5: 1019 daAuts
     D:4: 993 daAuts
     D:3: 976 daAuts
     D:6: 975 daAuts
    D:10: 963 daAuts
    D:11: 947 daAuts
     D:2: 834 daAuts
     D:1: 760 daAuts
